 Dungeon Crawl Stone Soup version 0.28-a0-1182-g381e24db82 (webtiles) character file.

Game seed: 2961530437501181923

270 ChaosChampion the Insei (level 6, -4/38 HPs)
             Began as an Octopode Transmuter on Dec 17, 2021.
             Slain by a gnoll (8 damage)
             ... on level 4 of the Dungeon.
             The game lasted 00:04:13 (4753 turns).

ChaosChampion the Insei (Octopode Transmuter)       Turns: 4753, Time: 00:04:13

Health: -4/38      AC:  1    Str: 10    XL:     6   Next: 22%
Magic:  1/9        EV: 13    Int: 17    God:
Gold:   234        SH:  0    Dex: 12    Spells: 3/9 levels left

rFire   + . .      SeeInvis .     - Unarmed
rCold   . . .      Faith    .   (no shield)
rNeg    . . .      Spirit   .   (helmet restricted)
rPois   .          Reflect  .   (no amulet)
rElec   .          Harm     .   b - ring of protection from fire
rCorr   .          Rampage  .   (no ring)
Will    .....                   (no ring)
Stlth   ++........              (no ring)
HPRegen 0.12/turn               (no ring)
MPRegen 0.11/turn               (no ring)
                                (no ring)
                                (no ring)

@: very slightly contaminated
A: almost no armour, amphibious, 8 rings, camouflage 1, gelatinous body 1,
(nimble swimmer 1), tentacles
a: no special abilities


You were on level 4 of the Dungeon.
You visited 1 branch of the dungeon, and saw 4 of its levels.

You collected 344 gold pieces.
You spent 110 gold pieces at shops.

Inventory:

Jewellery
 b - a ring of protection from fire (left tentacle)
 m - a +6 ring of intelligence
Scrolls
 c - a scroll of torment
 h - a scroll of amnesia {unknown}
 j - a scroll of fog
 l - a scroll of holy word
Potions
 a - a potion of heal wounds {unknown}
 d - a potion of haste
 e - a potion of curing {unknown}
 f - a potion of invisibility {unknown}
 g - 2 potions of lignification {unknown}
 i - a potion of mutation {unknown}
 k - a potion of flight {unknown}


   Skills:
 - Level 1.0 Fighting
 - Level 2.0 Dodging
 + Level 5.3 Unarmed Combat
 - Level 2.0 Spellcasting
 + Level 3.7 Transmutations
 * Level 2.6 Poison Magic


You had 3 spell levels left.
You knew the following spells:

 Your Spells              Type           Power      Damage    Failure   Level
a - Beastly Appendage     Tmut           28%        N/A       4%          1
b - Wereblood             Tmut           14%        N/A       6%          2
c - Spider Form           Tmut/Pois      12%        N/A       16%         3

Your spell library contained the following spells:

 Spells                   Type           Power      Damage    Failure   Level
 Pain                     Necr           4%         1d4       19%         1
 Ice Form                 Ice/Tmut       8%         N/A       65%         4
 Agony                    Necr           1%         N/A       99%         5
 Excruciating Wounds      Necr           0%         N/A       99%         5


Dungeon Overview and Level Annotations

Branches:
Dungeon (4/15)
 Temple: D:4-7

Altars:
Fedhas
Makhleb
Qazlal
Trog
Wu Jian
The Shining One

Shops:
D:2 *


Innate Abilities, Weirdness & Mutations

You cannot wear most types of armour.
You are amphibious.
You can wear up to eight rings at the same time.
Your skin changes colour to match your surroundings (Stealth+).
Your rubbery body absorbs attacks. (AC +1, EV +1)
((You are camouflaged near water. (Stealth+)))
You have tentacles for arms and can constrict up to eight enemies at once.


Message History

The gnoll closely misses you.
You hit the gnoll.
The gnoll is poisoned.
The gnoll is lightly wounded.
The gnoll closely misses you.
A gnoll comes into view. It is wielding a +0 whip.
The gnoll closely misses you.
You barely miss the gnoll.
The gnoll is lightly wounded.
The gnoll shaman calls upon its god to speed up the gnoll.
The gnoll seems to speed up.
The gnoll hits you with a +0 spear.
The gnoll hits you from afar with a +0 halberd!
You are too injured to fight recklessly!
You are too injured to fight recklessly!
The gnoll shaman calls upon its god to speed up the gnoll.
The gnoll seems to speed up.
The gnoll hits you from afar with a +0 spear!
* * * LOW HITPOINT WARNING * * *
Your magical contamination has completely faded away.
Your transformation has ended.
You feel a bit more experienced.
You howl as the wereblood boils in your veins!
Your primal bloodlust is almost over.
You howl as the wereblood boils in your veins!
The gnoll closely misses you.
Your primal bloodlust has ended.
Found a rapier.
The gnoll misses you. The gnoll barely misses you.
The gnoll hits you with a +0 club.
* * * LOW HITPOINT WARNING * * *
Press: ? - help, v - describe, . - travel
Here: a gnoll, wielding a +0 club (fast)
The floor.
Casting: Wereblood (safe; 6% risk of failure)
Confirm with . or Enter, or press ? or * to list all spells.
The spell is quite dangerous to miscast (16% risk of failure)!
Continue anyway?
You miscast Spider Form.
You are very lightly contaminated with residual magic.
Nothing appears to happen.
The gnoll hits you with a +0 club!
You die...

#.#.#.#.#.#.#.#.#.#.#.#.#.#.#.#.#
.....#.#.#.#.#.#.#.#.#.#.#.#.#..#
....#.#.#.#.#.#.#.#.#.#.#.#.#.#.#
.....#.#.#.#.#.#.#.#.#.#.#.#.#..#
....#.#.#.#.#.#.#.#.#.#.#.#.#.#.#
.....#.#.#.#.#.#.#.#.#.#.#:#.#(.#
....#.#.#.#.#.#.........#.#.#.#.#
.....#.#.#.#.#.#.......#.#.#.#..#
#.#.#.#.#.#.#.#.@g..g...#.#.#.#.#
###############.........(........
#).......###..###.#
#.#.#..............
#...#.#######..##.# #####.#
##.##.# ..# #..#.# #### ##.#.#
#######...#


You could see 2 gnolls.

Vanquished Creatures
  A hound (D:4)
  An orc wizard (D:3)
  A hound skeleton (D:3)
  4 adders
  5 gnolls (D:4)
  2 ufetubi (D:4)
  An adder skeleton (D:4)
  5 worms
  2 dart slugs (D:2)
  3 orcs (D:3)
  8 ball pythons
  5 endoplasms
  4 giant cockroaches (D:2)
  7 goblins
  7 hobgoblins
  9 jackals
  3 quokkas
  6 bats
  6 frilled lizards
  4 kobolds
  5 rats
89 creatures vanquished.

Notes
Turn   | Place    | Note
-------+----------+-------------------------------------------
     0 | D:1      | ChaosChampion the Octopode Transmuter began the quest for
                  | the Orb.
     0 | D:1      | Reached XP level 1. HP: 13/13 MP: 3/3
   352 | D:1      | Reached XP level 2. HP: 16/18 MP: 5/5
   355 | D:1      | Learned a level 2 spell: Wereblood
  1449 | D:2      | Reached XP level 3. HP: 18/23 MP: 3/6
  1487 | D:2      | Reached skill level 4 in Unarmed Combat
  1704 | D:2      | Found Koyrr's Assorted Antiques.
  1809 | D:2      | Bought a pink potion for 26 gold pieces
  1809 | D:2      | Bought a pink potion for 26 gold pieces
  1809 | D:2      | Bought a scroll labelled GOVAPU YM ETA for 29 gold pieces
  1809 | D:2      | Bought a scroll labelled MUNKEOJERGH for 29 gold pieces
  2057 | D:2      | Reached XP level 4. HP: 28/28 MP: 4/7
  2122 | D:2      | Learned a level 3 spell: Spider Form
  3119 | D:3      | Found a stormy altar of Qazlal.
  3233 | D:3      | Found an ornate altar of the Wu Jian Council.
  3341 | D:3      | Reached XP level 5. HP: 32/33 MP: 4/8
  3377 | D:3      | Found a bloodstained altar of Trog.
  3380 | D:3      | Found a blossoming altar of Fedhas.
  3382 | D:3      | Found a glowing golden altar of the Shining One.
  3387 | D:3      | Found a burning altar of Makhleb.
  3419 | D:3      | Reached skill level 5 in Unarmed Combat
  3786 | D:3      | Reached skill level 1 in Poison Magic
  4360 | D:4      | Reached XP level 6. HP: 23/38 MP: 5/9
  4753 | D:4      | Slain by a gnoll

Illustrated notes

Levels and vault maps discovered:
D:1:      evilmike_arrival_crescent, layout_basic
D:2:      minmay_alternating_diamond, layout_basic, serial_shops,
          nicolae_shop_stone, minmay_heptomino_w4
D:3:      layout_loops_ring, nicolae_overflow_hallway_of_the_gods
D:4:      layout_basic

Skill      XL: |  1  2  3  4  5 |
---------------+----------------+-----
Unarmed Combat | 4 5 |  5.3
Transmutations | 3 |  3.7
Poison Magic   | 2 |  2.6
Fighting       | |  1.0
Dodging        | |  2.0
Spellcasting   | |  2.0

Action                   |  1- 3 |  4- 6 || total
-------------------------+-------+-------++-------
Melee: Unarmed           |    91 |   116 ||   207
       Constrict         |    25 |    18 ||    43
       Kick              |    24 |    12 ||    36
       Tentacles         |    12 |     9 ||    21
       Punch             |     2 |     3 ||     5
 Cast: Beastly Appendage |    28 |    14 ||    42
       Wereblood         |    19 |    21 ||    40
       Spider Form       |       |    12 ||    12
  Use: Scroll            |       |     5 ||     5
 Stab: Sleeping          |     3 |     1 ||     4
Armor: Skin              |     8 |     3 ||    11
Dodge: Dodged            |    59 |    95 ||   154

Table legend: (Time is in decaauts)
 A = Elapsed time spent in this place.
 B = Non-inter-level travel time spent in this place.
 C = Inter-level travel time spent in this place.
 D = Time resting spent in this place.
 E = Time spent auto-exploring this place.
 F = Levels seen in this place.
 G = Mean time per level.
                   A        B        C        D        E       F      G
               +--------+--------+--------+--------+--------+-----+--------+
         Total |   4736 |   4579 |    157 |     42 |   3876 |   4 | 1184.0 |
       Dungeon |   4736 |   4579 |    157 |     42 |   3876 |   4 | 1184.0 |
               +--------+--------+--------+--------+--------+-----+--------+

Top non-repeatable levels by time:
     D:3: 1664 daAuts
     D:1: 1380 daAuts
     D:2: 1235 daAuts
     D:4: 457 daAuts
